Match 46718946
Unlisted

Match 46718946
End
Construct Infanterie Kompanie
MG 42 Machine Gun Team
Selects Luftwaffe Battlegroup
Selects Luftwaffe Pioneer Support
Fallschirmpioneer Squad Paradrop
MG 42 Machine Gun Team
Selects Stuka Strafing Run
GrW 34 Mortar Team
MG 42 Bunker
Construct Luftwaffe Kompanie
Support Elements
Wirbelwind Flakpanzer
Luftwaffe Officer Quarters
Construct Panzergrenadier Kompanie
Stuka Strafing Run
251 Medium Carrier
Selects Fallschirmjäger Squad Paradrop
Selects Stuka Loiter
Construct Panzer Kompanie
Stuka Strafing Run
Panzer IV Medium Tank
Selects LG40 Recoilless Gun Paradrop
Side Skirts
Stuka Loiter
Nebelwerfer 42 Rocket Launcher Team
Stuka Strafing Run
Sturmpanzer IV Brummbär
Panzergrenadier Officer Quarters
Fallschirmpioneer Squad Paradrop
Stuka Loiter
Nebelwerfer 42 Rocket Launcher Team
Panzer IV Medium Tank
Panzer IV Medium Tank
Fallschirmpioneer Squad Paradrop
Stuka Loiter
Panzer IV Medium Tank
Panzer IV Medium Tank
Fallschirmpioneer Squad Paradrop
Pioneer Squad
Stuka Loiter
Joraad
Moon-Man--14
Tigerlimo_78
♔ FARZAD 𓄂𓆃 🇮 🇷
VoltarDark
Tony Stark
SturmSchmied
Longbeard
0
0

Comments sign in to comment!

No comments posted yet!